 Dungeon Crawl Stone Soup version 0.21.1-1-g345015f (webtiles) character file.

248 nulman the Caller (level 6, -7/34 HPs)
             Began as a Tengu Summoner on June 10, 2018.
             Was an Initiate of Vehumet.
             Mangled by an ice beast (8 damage)
             ... on level 5 of the Dungeon.
             The game lasted 00:38:11 (3893 turns).

nulman the Caller (Tengu Summoner)                  Turns: 3893, Time: 00:38:14

Health: -7/34      AC:  2    Str: 12    XL:     6   Next: 12%
Magic:  1/12       EV: 13    Int: 17    God:    Vehumet [......]
Gold:   210        SH:  0    Dex: 18    Spells: 4/12 levels left

rFire    . . .     SeeInvis .   d - +3 dagger "Qasimp" {venom, Str+3 Dex+4} (curse)
rCold    . . .     Gourm    .   (no shield)
rNeg     . . .     Faith    .   l - +0 robe (curse)
rPois    .         Spirit   .   (helmet restricted)
rElec    .         Reflect  .   (no cloak)
rCorr    .         Harm     .   (no gloves)
MR       .....                  (boots unavailable)
Stlth    ++........             (no amulet)
HPRegen  0.11/turn              (no ring)
MPRegen  0.13/turn              (no ring)

@: no status effects
A: beak, talons 3, able to fly 1
a: Fly, Renounce Religion


You were on level 5 of the Dungeon.
You worshipped Vehumet.
Vehumet was noncommittal.
You were not hungry.

You visited 1 branch of the dungeon, and saw 6 of its levels.

You collected 210 gold pieces.

Inventory:

Hand Weapons
 d - the cursed +3 dagger "Qasimp" (weapon) {venom, Str+3 Dex+4}
   (You found it on level 4 of the Dungeon)

   It poisons the flesh of those it strikes.
   It affects your strength (+3).
   It affects your dexterity (+4).
   It has a curse placed upon it.
 g - a +2 dagger of draining
Missiles
 f - 49 stones (quivered)
Armour
 a - a +0 robe
 j - a +0 buckler
 l - a cursed +0 robe (worn)
 t - a +2 robe of cold resistance
Wands
 s - a wand of random effects (26)
Scrolls
 e - a scroll of teleportation
 i - 2 scrolls of amnesia {unknown}
 m - a scroll of blinking {unknown}
 o - a scroll of identify
 q - a scroll of remove curse {unknown}
 u - 2 scrolls of enchant armour {unknown}
 v - a scroll of enchant weapon {unknown}
 w - a scroll of magic mapping {unknown}
 y - 2 scrolls of random uselessness {unknown}
Potions
 h - a potion of degeneration {unknown}
 n - a potion of heal wounds
Books
 b - a book of Callings

   Spells                             Type                      Level
   a - Summon Small Mammal            Summoning                    1
   b - Call Imp                       Summoning                    2
   c - Call Canine Familiar           Summoning                    3
   d - Summon Guardian Golem          Hexes/Summoning              3
   e - Summon Lightning Spire         Summoning/Air                4
   f - Summon Ice Beast               Ice/Summoning                4
Comestibles
 c - 10 rations


   Skills:
 + Level 1.1 Fighting
 + Level 2.4 Dodging
 + Level 2.2 Stealth
 + Level 3.5 Spellcasting
 + Level 7.0 Summonings
 * Level 0.7 Air Magic
 + Level 0.5 Evocations


You had 4 spell levels left.
You knew the following spells:

 Your Spells              Type           Power        Failure   Level  Hunger
a - Summon Small Mammal   Summ           ####         1%          1    None
b - Call Canine Familiar  Summ           ####....     2%          3    ###....
c - Summon Lightning Spi  Summ/Air       ###.....     32%         4    ####...


Dungeon Overview and Level Annotations

Branches:
Dungeon (6/15)
 Temple: D:4-7

Altars:
Fedhas
Vehumet

Annotations:
D:4 theblackcape's ghost, amateur GnWn


Innate Abilities, Weirdness & Mutations

You have a beak for a mouth.
You have claws for feet.
You can fly.


Message History

You hit the ice beast.
The ice beast is poisoned.
You claw the ice beast.
The ice beast is heavily wounded.
Your quokka closely misses the ice beast.
The ice beast misses you.
Your quokka barely misses the ice beast.
You hit the ice beast. You peck the ice beast.
The ice beast is severely wounded.
Your hound closely misses the ice beast.
Your rat bites the ice beast but does no damage.
The ice beast hits you. The ice beast freezes you!
* * * LOW HITPOINT WARNING * * *
Your quokka misses the ice beast.
You swap places.
Your hound bites the ice beast but does no damage.
Your rat barely misses the ice beast.
Your quokka closely misses the ice beast.
The ice beast hits you.
* * * LOW HITPOINT WARNING * * *
The ice beast freezes you!
You die...

...... ......
#......
.%.....
##..<....
########....#
#.....#..####
#....rYr##
#....@h##
#.....##
#....##
.......##
.....####
...## ... ##


You could see an ice beast, a friendly hound, a friendly quokka and a friendly
rat.

Vanquished Creatures
  2 scorpions
  A worker ant (D:4)
  4 adders
  A shadow imp (D:5)
  3 leopard geckos
  An orc (D:3)
  3 giant cockroaches
  4 goblins
  4 hobgoblins
  9 bats
  8 rats
40 creatures vanquished.

Vanquished Creatures (collateral kills)
  A centaur zombie (D:3)
  Jessica (D:2)
  2 adders
  2 oozes (D:1)
  2 dart slugs (D:1)
  3 orcs (D:3)
  A giant cockroach (D:1)
  7 goblins
  3 hobgoblins
  7 jackals
  A ball python (D:1)
  A bat (D:2)
  5 frilled lizards
  6 kobolds
  3 rats
45 creatures vanquished.

Grand Total: 85 creatures vanquished

Notes
Turn   | Place    | Note
-------+----------+-------------------------------------------
     0 | D:1      | nulman the Tengu Summoner began the quest for the Orb.
     0 | D:1      | Reached XP level 1. HP: 10/10 MP: 4/4
    21 | D:1      | Reached skill level 5 in Summonings
   385 | D:1      | Reached XP level 2. HP: 14/15 MP: 3/6
   818 | D:1      | Reached XP level 3. HP: 20/20 MP: 4/7
   825 | D:1      | Learned a level 3 spell: Call Canine Familiar
  1701 | D:2      | Reached skill level 6 in Summonings
  1750 | D:2      | Noticed Jessica
  1757 | D:2      | Killed Jessica
  1757 | D:2      | Reached XP level 4. HP: 23/24 MP: 2/8
  2461 | D:3      | Gained mutation: You can fly. [Tengu growth]
  2461 | D:3      | Reached XP level 5. HP: 28/28 MP: 8/10
  3048 | D:4      | Learned a level 4 spell: Summon Lightning Spire
  3125 | D:4      | Reached skill level 1 in Fighting
  3125 | D:4      | HP: 1/29 [poisoned by an adder]
  3163 | D:4      | Found a radiant altar of Vehumet.
  3163 | D:4      | HP: 1/29 [poisoned by an adder]
  3166 | D:4      | Became a worshipper of Vehumet
  3469 | D:4      | Found a blossoming altar of Fedhas.
  3482 | D:4      | Got a pitted dagger
  3483 | D:4      | Identified the cursed +3 dagger "Qasimp" {venom, Str+3 Dex+4} (You found it on level 4 of the Dungeon)
  3505 | D:4      | Noticed theblackcape's ghost (amateur GnWn)
  3591 | D:5      | Entered Level 5 of the Dungeon
  3813 | D:5      | Noticed a hippogriff
  3816 | D:5      | Noticed an ice beast
  3869 | D:5      | Reached skill level 7 in Summonings
  3869 | D:5      | Reached XP level 6. HP: 15/34 MP: 7/12
  3893 | D:5      | HP: 1/34 [ice beast (4)]
  3893 | D:5      | Mangled by an ice beast

Skill      XL: |  1  2  3  4  5 |
---------------+----------------+-----
Summonings     | 5 6 7 |  7.0
Spellcasting   | 3 |  3.5
Fighting       | 1 |  1.1
Dodging        | |  2.4
Stealth        | |  2.2
Air Magic      | |  0.7
Evocations     | |  0.5

Action                   |  1- 3 |  4- 6 || total
-------------------------+-------+-------++-------
Melee: Dagger            |    40 |    60 ||   100
       Kick              |     8 |     7 ||    15
       Peck              |     1 |     5 ||     6
Throw: Stone             |     1 |       ||     1
 Cast: Summon Small Mamm |    54 |    63 ||   117
       Call Canine Famil |     3 |     4 ||     7
 Abil: Fly               |       |     1 ||     1
  Use: Scroll            |       |     2 ||     2
       Potion            |       |     8 ||     8
 Stab: Sleeping          |     1 |       ||     1
       Distracted        |       |     1 ||     1
  Eat: Chunk             |     4 |     5 ||     9
       Ration            |       |     1 ||     1
Armor: Robe              |     5 |     9 ||    14
Dodge: Dodged            |    37 |    59 ||    96
